AoeStats
← kolemy

Arena

504160143Analyzed
2v2 RM · 27d ago on Sep 4, 2026· 45m 58s· 4 players
Game mode
Random Map
Map size
Medium (4 player)
Population
200
Speed
Normal
Resources
Standard
Victory
Conquest
Starting age
Dark Age
Ending age
Imperial Age
RankedLock teamsTeams togetherTeam positionsShared explorationLock speedFull tech treeHidden civsTurbo modeCheats
Victory
Defeat
🇲🇽 Turks · Mexico
604
+14
🇲🇽 Romans · Mexico
531
+18
🇨🇳 Mongols · China
572
-16
🇬🇹 Vietnamese · Guatemala
564
-16
psnb694238
0:30 Loom
13:48 Feudal Age
17:13 Wheelbarrow
16:26 Double-Bit Axe
16:25 Horse Collar
16:43 Stone Mining
16:44 Gold Mining
17:07 Man-at-Arms
17:33 Arson
23:31 Castle Age
22:26 Fletching
22:43 Scale Barding Armor
23:43 Forging
24:43 Bloodlines
24:40 Scale Mail Armor
24:41 Padded Archer Armor
25:53 Hand Cart
25:52 Bow Saw
25:45 Heavy Plow
28:03 Stone Shaft Mining
33:16 Gold Shaft Mining
34:11 Long Swordsman
37:55 Imperial Age
39:05 Iron Casting
38:26 Bodkin Arrow
38:46 Chain Mail Armor
39:14 Nomads
kolemy
0:55 Loom
15:10 Feudal Age
16:01 Horse Collar
16:12 Double-Bit Axe
19:22 Gold Mining
19:29 Stone Mining
20:34 Wheelbarrow
19:46 Town Watch
24:38 Castle Age
26:32 Fletching
27:48 Bow Saw
27:48 Heavy Plow
28:24 Treadmill Crane
28:42 Murder Holes
28:19 Crossbowman
30:50 Ballistics
31:54 Fortified Wall
33:42 Caravan
34:13 Hand Cart
33:58 Town Patrol
36:30 Imperial Age
41:28 Chemistry
40:10 Elite Battle Elephant
41:13 Paper Money
40:54 Chatras
40:54 Arbalester
41:40 Thumb Ring
41:17 Light Cavalry
42:08 Bloodlines
41:58 Husbandry
44:26 Bodkin Arrow
44:32 Padded Archer Armor
43:56 Elite Skirmisher
43:59 Pikeman
44:39 Squires
mecofundiyo
6:52 Loom
12:25 Feudal Age
13:44 Wheelbarrow
13:11 Gold Mining
13:14 Stone Mining
13:18 Horse Collar
17:00 Double-Bit Axe
21:38 Castle Age
22:13 Scale Mail Armor
22:24 Forging
22:55 Gold Shaft Mining
22:44 Hand Cart
23:24 Bow Saw
28:17 Man-at-Arms
28:58 Squires
28:19 Pikeman
30:02 Heavy Plow
29:46 Long Swordsman
35:47 Imperial Age
33:06 Town Watch
33:47 Caravan
36:02 Town Patrol
36:20 Halberdier
38:43 Legionary
38:48 Capped Ram
39:51 Conscription
41:03 Siege Ram
43:09 Crop Rotation
42:58 Chain Mail Armor
43:18 Iron Casting
HeadedCornet303
11:12 Feudal Age
14:12 Double-Bit Axe
14:13 Horse Collar
15:19 Gold Mining
15:47 Stone Mining
19:24 Castle Age
21:22 Bow Saw
24:23 Heavy Plow
29:55 Gold Shaft Mining
33:05 Ballistics
33:54 Forging
33:44 Scale Mail Armor
38:37 Imperial Age
38:31 Caravan
42:17 Bombard Tower
42:38 Iron Casting
42:18 Chain Mail Armor
45:06 Two-Man Saw
44:22 Guilds
Connection lost

Rejoining the realm…

Still unreachable

The connection could not be restored.

Session expired

The server has moved on; the page needs a fresh start.